 Dungeon Crawl Stone Soup version 0.25.1-2-g60ff931df9 (webtiles) character file.

Game seed: 15758585733961720152

843 soggyman666 the Chopper (level 7, 0/61 HPs)
             Began as a Minotaur Fighter on Nov 5, 2020.
             Killed by divine providence
             ... invoked by an orc priest
              (11 damage)
             ... on level 5 of the Dungeon.
             The game lasted 00:04:24 (4352 turns).

soggyman666 the Chopper (Minotaur Fighter)          Turns: 4352, Time: 00:04:27

Health: 0/61       AC:  7    Str: 22    XL:     7   Next: 68%
Magic:  6/6        EV:  9    Int:  5    God:
Gold:   181        SH: 11    Dex: 10    Spells: 6/6 levels left

rFire    . . .     SeeInvis .   a - +0 war axe
rCold    . . .     Gourm    .   c - +1 kite shield
rNeg     . . .     Faith    +   b - +0 scale mail
rPois    .         Spirit   .   (helmet restricted)
rElec    .         Reflect  .   (no cloak)
rCorr    .         Harm     .   (no gloves)
MR       .....                  (no boots)
Stlth    ..........             p - amulet of faith
HPRegen  0.20/turn              (no ring)
MPRegen  0.10/turn              (no ring)

@: no status effects
A: retaliatory headbutt, horns 2
a: no special abilities


You were on level 5 of the Dungeon.
You were not hungry.

You visited 1 branch of the dungeon, and saw 5 of its levels.

You collected 181 gold pieces.

Inventory:

Hand Weapons
 a - a +0 war axe (weapon)
Armour
 b - a +0 scale mail (worn)
 c - a +1 kite shield (worn)
Jewellery
 p - an amulet of faith (around neck)
Scrolls
 j - 2 scrolls of teleportation
 k - a scroll of remove curse
 n - a scroll of fear
Potions
 d - a potion of might
 e - 4 potions of curing
 h - a potion of magic {unknown}
 i - 2 potions of invisibility {unknown}
 l - a potion of heal wounds {unknown}
 m - a potion of resistance {unknown}
 q - a potion of degeneration {unknown}
 r - a potion of lignification {unknown}
Comestibles
 f - 4 rations


   Skills:
 + Level 5.4 Fighting
 + Level 7.0 Axes
 + Level 5.6 Armour
 + Level 2.3 Dodging
 - Level 0.4 Stealth
 + Level 5.6 Shields


You had 6 spell levels left.
You didn't know any spells.
Your spell library was empty.

Dungeon Overview and Level Annotations

Branches:
Dungeon (5/15)
 Temple: D:4-7

Altars:
Qazlal
Zin


Innate Abilities, Weirdness & Mutations

You reflexively headbutt those who attack you in melee.
You have a pair of horns on your head.


Message History

An orc comes into view. It is wielding a +0 hand axe.
The teleport trap disappears.
The orc disappears!
You block the orc's attack.
The orc moves out of view.
You closely miss the orc. You headbutt the orc, but do no damage.
The orc is heavily wounded.
You block the orc's attack.
You slash the orc!
You kill the orc!
An orc comes into view.
The orc priest looks encouraged for a moment.
All of the chunks of flesh in your inventory have rotted away.
Items here: ) ? [ † a +0 dagger; a +0 leather armour; a scroll of identify; an orc corpse You hit the orc priest but do no damage.
Your headbutt misses the orc priest.
The orc priest zaps a wand.
The puff of flame hits you.
* * * LOW HITPOINT WARNING * * *
The orc priest invokes the aid of Beogh against you.
Beogh smites you!
You die...

##.## #..........
....#..#. ####.....####
.... ....###......### ##
..... #.....###...# #.
..<. ##.....###..####.
... ##....♣# ##......
#o##.....♣.# ##.....
#o.......♣ #.####
##@....._♣ #.####
#.......♣ #.##..
#...........♣♣ #....#
#...#.........#####...##
#. ###.......#......##.
##.....##.........
#.##.....#..).... #..
..## #....... .. ##
##.......


You could see an orc priest and an orc.

Vanquished Creatures
  Menkaure (D:5)
  A sky beast (D:5)
  2 ogres
  A scorpion (D:4)
  A howler monkey (D:5)
  A crimson imp (D:3)
  A jelly (D:3)
  A hound (D:5)
  Natasha (twice) (D:2)
  3 worker ants
  A hound skeleton (D:4)
  7 adders
  2 oozes
  An adder skeleton (D:5)
  A worm (D:2)
  A dart slug (D:3)
  A leopard gecko (D:4)
  6 orcs
  3 bats
  6 giant cockroaches
  3 goblins
  9 hobgoblins
  2 jackals (D:4)
  2 quokkas
  A ball python skeleton (D:3)
  5 frilled lizards
  5 kobolds
  6 rats
76 creatures vanquished.

Notes
Turn   | Place    | Note
-------+----------+-------------------------------------------
     0 | D:1      | soggyman666 the Minotaur Fighter began the quest for the
                  | Orb.
     0 | D:1      | Reached XP level 1. HP: 19/19 MP: 0/0
   138 | D:1      | Reached XP level 2. HP: 22/27 MP: 1/1
  1015 | D:2      | Found a stormy altar of Qazlal.
  1070 | D:2      | Reached skill level 3 in Axes
  1070 | D:2      | Reached XP level 3. HP: 30/33 MP: 2/2
  1433 | D:2      | Noticed Natasha
  1442 | D:2      | Killed Natasha
  1554 | D:2      | Reached XP level 4. HP: 35/40 MP: 3/3
  1791 | D:2      | Noticed Natasha
  1798 | D:2      | Killed Natasha
  1798 | D:2      | Reached skill level 4 in Axes
  2435 | D:3      | Reached XP level 5. HP: 32/47 MP: 4/4
  3051 | D:4      | Reached skill level 5 in Axes
  3052 | D:4      | Reached skill level 5 in Armour
  3209 | D:4      | Reached skill level 1 in Dodging
  3209 | D:4      | Reached XP level 6. HP: 35/53 MP: 5/5
  3643 | D:4      | Reached skill level 5 in Shields
  3838 | D:5      | Entered Level 5 of the Dungeon
  3851 | D:5      | Noticed a sky beast
  3869 | D:5      | Killed a sky beast
  3869 | D:5      | Reached skill level 6 in Axes
  3869 | D:5      | Reached XP level 7. HP: 31/60 MP: 6/6
  3885 | D:5      | Reached skill level 5 in Fighting
  4340 | D:5      | Found a glowing silver altar of Zin.
  4341 | D:5      | Noticed Menkaure
  4347 | D:5      | Killed Menkaure
  4347 | D:5      | Reached skill level 7 in Axes
  4352 | D:5      | Killed from afar by an orc priest

Illustrated notes

Levels and vault maps discovered:
D:1:      dpeg_arrival_triangle_fractal, layout_basic
D:2:      layout_loops_ring, grunt_qazlal_sundering, first_ration, uniq_natasha
D:3:      minmay_bubble_buster, layout_basic
D:4:      layout_rooms
D:5:      layout_layer_cave, zin_academy, gammafunk_ghost_split, uniq_menkaure,
          uniq_crazy_yiuf_cottage

Skill      XL: |  1  2  3  4  5  6  7 |
---------------+----------------------+-----
Fighting       | 4 5 |  5.4
Axes           | 3 4 5 6 7 |  7.0
Shields        | 4 5 |  5.6
Armour         | 4 5 |  5.6
Dodging        | 1 2 |  2.3
Stealth        | |  0.4

Action                   |  1- 3 |  4- 6 |  7- 9 || total
-------------------------+-------+-------+-------++-------
Melee: War axe           |    64 |    99 |    25 ||   188
       Headbutt          |     6 |    14 |     5 ||    25
  Use: Scroll            |       |     9 |       ||     9
  Eat: Chunk             |     2 |     7 |     2 ||    11
Armor: Scale mail        |    22 |    44 |     7 ||    73
Dodge: Dodged            |    16 |    33 |     7 ||    56
Block: Kite shield       |    22 |    66 |    13 ||   101
